[Event "Titled Tuesday Blitz June 1 2021"]
[White "Bacrot, Etienne"]
[Black "elisak43"]
[WhiteFideId "605506"]
[WhiteElo "2673"]
[BlackElo "2508"]
[Result "1-0"]
[Round "03"]
[TimeControl "180+1"]
[Date "2021.06.01"]
[WhiteClock "0:00:20"]
[BlackClock "0:00:05"]

1. e4 Nf6 2. e5 Nd5 3. Nf3 d6 4. d4 Nb6 5. h3 g6 6. exd6 cxd6 7. Be2 Bg7 8. O-O O-O 9. Bg5 f6 10. Bh4 Qc7 11. c4 e5 12. Nc3 a6 13. Rc1 Nc6 14. Nd5 Qd8 15. dxe5 dxe5 16. Qb3 Nxd5 17. cxd5 Na5 18. Qb4 Rf7 19. Rfd1 g5 20. Bg3 Bf5 21. Nd2 Bf8 22. Qc3 b5 23. Bg4 Rc8 24. Qxc8 Bxc8 25. Rxc8 Qxd5 26. Nb3 Qe4 27. Nxa5 Kg7 28. Bh5 Re7 29. Rdd8 Qe1+ 30. Kh2 Qxa5 31. Rxf8 Kh6 32. Bg4 Qxa2 33. Rxf6+ Kg7 34. Rff8 Qxb2 35. Rg8+ Kh6 36. Rc6+ 1-0


[Site "https://www.chess.com"]

[Event "Titled Tuesday Blitz June 1 2021"]
[White "Balakrishnan, Praveen"]
[Black "tapu2"]
[WhiteFideId "2064871"]
[WhiteElo "2237"]
[BlackElo "2642"]
[Result "1-0"]
[Round "03"]
[TimeControl "180+1"]
[Date "2021.06.01"]
[WhiteClock "0:00:26"]
[BlackClock "0:00:21"]

1. b4 d5 2. Bb2 Qd6 3. a3 e5 4. Nf3 Nd7 5. e3 Ngf6 6. c4 c6 7. cxd5 cxd5 8. Qa4 e4 9. Nd4 a6 10. d3 Rb8 11. Nd2 exd3 12. Bxd3 b5 13. Qc2 Ne5 14. O-O Be7 15. Rfc1 Nc4 16. h3 O-O 17. Bc3 h6 18. a4 Bd7 19. axb5 axb5 20. N2b3 Qb6 21. Qe2 Rfe8 22. Nf5 Bxf5 23. Bxf5 Ne4 24. Bd4 Qd6 25. Bxe4 dxe4 26. Nc5 Bf6 27. Ra6 Rb6 28. Rxb6 Qxb6 29. Nd7 Qe6 30. Nxf6+ gxf6 31. Ra1 Kh7 32. Qh5 Nd6 33. Ra6 Qf5 34. Qxf5+ Nxf5 35. Bxf6 Rc8 36. g4 Rc1+ 37. Kg2 1-0


[Site "https://www.chess.com"]

[Event "Titled Tuesday Blitz June 1 2021"]
[White "Baskin, Robert"]
[Black "Kamsky, Gata"]
[WhiteFideId "24662402"]
[BlackFideId "2000024"]
[WhiteElo "2462"]
[BlackElo "2644"]
[Result "0-1"]
[Round "03"]
[TimeControl "180+1"]
[Date "2021.06.01"]
[WhiteClock "0:00:05"]
[BlackClock "0:00:12"]

1. d4 d5 2. c4 c6 3. Nf3 Nf6 4. Nc3 a6 5. c5 g6 6. Bf4 Nh5 7. Bd2 Bg7 8. g3 O-O 9. Bg2 Nf6 10. O-O Bf5 11. Qb3 Qc8 12. Nh4 Be6 13. Na4 Nbd7 14. Rac1 Ne4 15. Be3 g5 16. Nf3 h6 17. Rfd1 f5 18. Nd2 Bf7 19. Nxe4 fxe4 20. Rc3 Qc7 21. Qb4 a5 22. Qb3 Kh8 23. Nb6 Nxb6 24. cxb6 Qd8 25. f3 exf3 26. exf3 Ra6 27. f4 Rxb6 28. Qa3 gxf4 29. Bxf4 Rb4 30. Rb3 Qb6 31. Rxb4 Qxb4 32. Qe3 Kh7 33. Bf1 Bg6 34. a3 Qxb2 35. Qxe7 Rf7 36. Qe3 Qc2 37. Rd2 Qe4 38. Qf2 Qb1 39. Qe2 b5 40. Rd1 Qe4 41. Qxe4 Bxe4 42. Be3 b4 43. axb4 axb4 44. Rc1 b3 45. Rxc6 b2 46. Rb6 b1=Q 47. Rxb1 Bxb1 48. Bg2 Be4 49. Bxe4+ dxe4 50. h3 Rf3 0-1


[Site "https://www.chess.com"]

[Event "Titled Tuesday Blitz June 1 2021"]
[White "Belenkaya, Dina"]
[Black "Ter-Sahakyan, Samvel"]
[WhiteFideId "24142654"]
[BlackFideId "13302531"]
[WhiteElo "2247"]
[BlackElo "2551"]
[Result "0-1"]
[Round "03"]
[TimeControl "180+1"]
[Date "2021.06.01"]
[WhiteClock "0:00:08"]
[BlackClock "0:01:09"]

1. e4 c5 2. Nc3 d6 3. g3 g6 4. Bg2 Bg7 5. d3 Nc6 6. Be3 Rb8 7. Qd2 b5 8. Nge2 b4 9. Nd1 Nf6 10. h3 h5 11. f4 Bd7 12. O-O Qc8 13. f5 gxf5 14. exf5 Ne5 15. d4 Nc4 16. Qd3 Bb5 17. dxc5 Nxb2 18. Qd2 Nc4 19. Qd4 Nxe3 20. Qxe3 Qxc5 21. Qxc5 dxc5 22. Re1 h4 23. Ne3 Bxe2 24. Rxe2 hxg3 25. Rae1 Rh4 26. Ng4 Nxg4 27. Rxe7+ Kf8 28. hxg4 Bd4+ 29. Kf1 Rxg4 30. R7e4 Rg5 31. Rf4 Rb6 32. Bd5 Rf6 33. Be4 g2+ 34. Bxg2 Rgxf5 35. Re4 Rxf4+ 36. Rxf4 Rxf4+ 37. Ke1 Ke7 38. Bd5 Kd6 39. Ke2 Kxd5 40. Kd3 0-1


[Site "https://www.chess.com"]

[Event "Titled Tuesday Blitz June 1 2021"]
[White "Bluebaum, Matthias"]
[Black "Ezat, Mohamed"]
[WhiteFideId "24651516"]
[BlackFideId "10600906"]
[WhiteElo "2685"]
[BlackElo "2417"]
[Result "1-0"]
[Round "03"]
[TimeControl "180+1"]
[Date "2021.06.01"]
[WhiteClock "0:01:37"]
[BlackClock "0:00:05"]

1. d4 Nf6 2. c4 g6 3. Nc3 Bg7 4. e4 d6 5. Be2 O-O 6. Be3 e5 7. d5 Na6 8. g4 Nd7 9. h4 f5 10. gxf5 gxf5 11. exf5 Ndc5 12. h5 Bxf5 13. a3 Ne4 14. h6 Bf6 15. Bg4 Nxc3 16. bxc3 Be4 17. Rh3 Bg5 18. Qd2 Bxe3 19. Qxe3 Bg6 20. Ne2 Nc5 21. Kf1 Ne4 22. f3 Ng5 23. Rg3 Kh8 24. Kg2 Qf6 25. Rg1 Rg8 26. Kh1 Raf8 27. R1g2 b6 28. Kg1 a5 29. Rf2 Bb1 30. Rfg2 Qxh6 31. Kf1 Bg6 32. Be6 Qh1+ 33. Ng1 Nxe6 34. dxe6 Rf6 35. Rh3 Qxg2+ 36. Kxg2 Bf5+ 37. Kf2 Bxh3 38. Nxh3 Rxe6 39. Ng5 Rf6 40. Ne4 Rf5 41. Qh6 Rgf8 42. Ng5 Rxg5 43. Qxg5 Rf7 44. Ke3 1-0


[Site "https://www.chess.com"]

[Event "Titled Tuesday Blitz June 1 2021"]
[White "Can, Emre"]
[Black "Petukhov, Dmitry"]
[WhiteFideId "6302181"]
[BlackFideId "4142748"]
[WhiteElo "2503"]
[BlackElo "2356"]
[Result "1-0"]
[Round "03"]
[TimeControl "180+1"]
[Date "2021.06.01"]
[WhiteClock "0:00:29"]
[BlackClock "0:00:15"]

1. d4 Nf6 2. c4 g6 3. Nc3 d5 4. Nf3 Bg7 5. h4 h5 6. Qb3 dxc4 7. Qxc4 O-O 8. e4 a6 9. e5 b5 10. Qb3 Ng4 11. Bf4 Bb7 12. Rd1 e6 13. Be2 Qc8 14. O-O c5 15. d5 c4 16. Qc2 exd5 17. Nxd5 Bxd5 18. Rxd5 Nc6 19. Qe4 Nb4 20. Rd6 Nxa2 21. e6 f5 22. Qb1 Nb4 23. Ng5 Ra7 24. Rfd1 Qc5 25. Bxg4 hxg4 26. h5 Nd3 27. R1xd3 cxd3 28. Qxd3 gxh5 29. Rd7 Rxd7 30. exd7 Qd4 31. Qxd4 Bxd4 32. Ne6 Bf6 33. Nxf8 Kxf8 34. Bc7 Kf7 35. Kf1 Ke6 36. d8=Q Bxd8 37. Bxd8 Kd5 38. Ke2 Kc4 39. Kd2 Kb3 40. Kc1 b4 41. g3 Kc4 42. Kc2 b3+ 43. Kd2 Kd4 44. Ke2 Ke4 45. Bc7 a5 46. Bxa5 f4 47. Bc7 fxg3 48. fxg3 Kd4 49. Bd8 Ke4 50. Kd2 Kf3 51. Bh4 Ke4 52. Kc3 1-0


[Site "https://www.chess.com"]

[Event "Titled Tuesday Blitz June 1 2021"]
[White "Cerveny, Martin"]
[Black "Quparadze, Giga"]
[WhiteFideId "321141"]
[BlackFideId "13602250"]
[WhiteElo "2269"]
[BlackElo "2658"]
[Result "0-1"]
[Round "03"]
[TimeControl "180+1"]
[Date "2021.06.01"]
[WhiteClock "0:01:28"]
[BlackClock "0:02:35"]

1. d4 Nf6 2. c4 e6 3. Nf3 b6 4. g3 Ba6 5. Qa4 Bb7 6. Bg2 c5 7. dxc5 Bxc5 8. O-O Be7 9. Nc3 Na6 10. Bf4 Nc5 11. Qc2 O-O 12. Rfd1 Nfe4 13. Nxe4 Bxe4 14. Qd2 d5 15. cxd5 Qxd5 16. Qxd5 Bxd5 17. Ne5 Bxg2 18. Kxg2 Bf6 19. Rac1 g5 20. Ng4 Bxb2 21. Rc2 gxf4 22. Rxb2 fxg3 23. hxg3 Rfd8 24. Rh1 Kg7 25. Rb4 Rd2 26. Nf6 Kxf6 0-1


[Site "https://www.chess.com"]

[Event "Titled Tuesday Blitz June 1 2021"]
[White "Chizhikov, Vladislav"]
[Black "Nguyen, Van Huy"]
[WhiteFideId "4178157"]
[BlackFideId "12401064"]
[WhiteElo "2584"]
[BlackElo "2786"]
[Result "1-0"]
[Round "03"]
[TimeControl "180+1"]
[Date "2021.06.01"]
[WhiteClock "0:00:10"]
[BlackClock "0:00:04"]

1. e4 c6 2. d4 d5 3. Nc3 dxe4 4. Nxe4 Bf5 5. Ng3 Bg6 6. h4 h6 7. Nh3 e6 8. Nf4 Bh7 9. Bd3 Bxd3 10. Qxd3 Nf6 11. Bd2 Nbd7 12. Ng6 Rg8 13. Nxf8 Rxf8 14. Bb4 Rg8 15. O-O-O Qb6 16. Qa3 Qa6 17. Qxa6 bxa6 18. Rd3 O-O-O 19. Be7 Rde8 20. Bd6 Nb6 21. b3 Rd8 22. Be5 Ng4 23. Rc3 Kb7 24. Ne4 Nd5 25. Rg3 h5 26. f3 Nge3 27. Nd6+ Rxd6 28. Bxd6 Nf5 29. Be5 f6 30. Rg6 fxe5 31. dxe5 Nf4 32. Rg5 Kc7 33. g4 Nd4 34. Rf1 g6 35. gxh5 Nxh5 36. Kb2 Nf5 37. Rfg1 Nxh4 38. Rxh5 Nxf3 39. Rh7+ Kb6 40. Rf1 Nxe5 41. Rf6 g5 42. Rxe6 Ng4 43. Rd7 Nf2 44. Rdd6 g4 45. Rxc6+ Kb7 46. Rcd6 g3 47. Rd7+ Kc8 48. Ree7 1-0


[Site "https://www.chess.com"]

[Event "Titled Tuesday Blitz June 1 2021"]
[White "Costachi, Mihnea"]
[Black "Krasilnikov, Evgeni"]
[WhiteFideId "1217518"]
[BlackFideId "4139739"]
[WhiteElo "2479"]
[BlackElo "2357"]
[Result "1-0"]
[Round "03"]
[TimeControl "180+1"]
[Date "2021.06.01"]
[WhiteClock "0:02:15"]
[BlackClock "0:00:02"]

1. d4 Nf6 2. c4 g6 3. Nc3 Bg7 4. e4 d6 5. Be2 O-O 6. Bg5 Na6 7. Qd2 c6 8. Nf3 Nc7 9. O-O Ne6 10. Bh6 d5 11. cxd5 cxd5 12. e5 Ne4 13. Qe3 Nxc3 14. bxc3 Qc7 15. Rfc1 Bd7 16. c4 dxc4 17. d5 Nc5 18. Rxc4 b6 19. Rh4 Bh8 20. Bxf8 Kxf8 21. Qh6+ Bg7 22. Qxh7 Qb7 23. Rd1 Rc8 24. e6 Ba4 25. exf7 Kxf7 26. Ng5+ Kf6 27. Rf4+ Ke5 28. Qxg6 Kxf4 29. Rd4+ Bxd4 30. Nf7 Qxd5 31. g3# 1-0


[Site "https://www.chess.com"]

[Event "Titled Tuesday Blitz June 1 2021"]
[White "Dang, Hoang Son"]
[Black "Beukes, Dante M"]
[WhiteFideId "12402435"]
[BlackFideId "15200540"]
[WhiteElo "2248"]
[BlackElo "2000"]
[Result "1-0"]
[Round "03"]
[TimeControl "180+1"]
[Date "2021.06.01"]
[WhiteClock "0:00:46"]
[BlackClock "0:00:02"]

1. d4 Nf6 2. c4 g6 3. Nf3 Bg7 4. g3 O-O 5. Bg2 d6 6. O-O Nc6 7. Nc3 e5 8. dxe5 dxe5 9. Bg5 Be6 10. Qa4 h6 11. Bxf6 Bxf6 12. Rfd1 Qc8 13. Nd2 Nd4 14. Rac1 Be7 15. e3 Bd7 16. Qa5 Ne6 17. Qxe5 Bd6 18. Qf6 Nc5 19. Nde4 Bg4 20. Nxd6 cxd6 21. Rxd6 Qf5 22. Nd5 Rae8 23. Qxf5 Bxf5 24. Nf6+ Kg7 25. Nxe8+ Rxe8 26. Rcd1 a5 27. b3 h5 28. R1d5 Rc8 29. h3 Rc7 30. Bf3 Bb1 31. Rd2 Bf5 32. g4 hxg4 33. hxg4 Be6 34. Kg2 Nd7 35. Kg3 Ne5 36. Be2 Nd7 37. f4 Nc5 38. Bf3 Nd7 39. e4 Nc5 40. f5 gxf5 41. exf5 Bc8 42. Kf4 Bd7 43. g5 b5 44. cxb5 Bxb5 45. f6+ Kf8 46. Rd8+ Be8 47. Bg4 Rb7 48. R2d4 a4 49. Rc4 axb3 50. Rxc5 b2 51. Rxe8+ Kxe8 52. Rc8# 1-0


[Site "https://www.chess.com"]

[Event "Titled Tuesday Blitz June 1 2021"]
[White "Davtyan, David Arm."]
[Black "Ibrahimli, Murad"]
[WhiteFideId "13310046"]
[BlackFideId "13410229"]
[WhiteElo "2028"]
[BlackElo "2109"]
[Result "0-1"]
[Round "03"]
[TimeControl "180+1"]
[Date "2021.06.01"]
[WhiteClock "0:00:01"]
[BlackClock "0:00:07"]

1. e4 c5 2. Nc3 Nc6 3. Bb5 Nd4 4. Nf3 e6 5. O-O Ne7 6. Bd3 Nec6 7. Nxd4 cxd4 8. Ne2 Bc5 9. c3 a5 10. Qa4 dxc3 11. dxc3 O-O 12. Qc2 Ne5 13. Bf4 Qf6 14. Rad1 b6 15. Bxe5 Qxe5 16. Kh1 f6 17. f4 Qh5 18. Bb5 Ra7 19. Qd2 Rd8 20. a4 d5 21. b4 Be7 22. e5 fxe5 23. fxe5 Qxe5 24. Nd4 Bd6 25. g3 Qe4+ 26. Kg1 axb4 27. cxb4 Rc7 28. Rde1 Qg6 29. Bd3 Qe8 30. Nf5 Bf8 31. Qg5 Kh8 32. Rf4 g6 33. Nh4 Qe7 34. Rf6 Bg7 35. Nxg6+ hxg6 36. Qxg6 Bxf6 37. Rf1 Bd4+ 38. Kh1 Qg7 39. Qh5+ Kg8 40. Bg6 Rf8 41. Rd1 Rf6 42. Bb1 e5 43. Qe8+ Rf8 44. Qh5 Rcf7 0-1


[Site "https://www.chess.com"]

[Event "Titled Tuesday Blitz June 1 2021"]
[White "Demidov, Mikhail"]
[Black "Klimkowski, Jan"]
[WhiteFideId "4197143"]
[BlackFideId "21856222"]
[WhiteElo "2809"]
[BlackElo "2631"]
[Result "1-0"]
[Round "03"]
[TimeControl "180+1"]
[Date "2021.06.01"]
[WhiteClock "0:01:19"]
[BlackClock "0:00:30"]

1. Nf3 Nf6 2. g3 b5 3. Bg2 Bb7 4. O-O e6 5. a4 b4 6. a5 Be7 7. c4 c5 8. b3 O-O 9. Bb2 d6 10. d4 Nbd7 11. Nbd2 Ne4 12. a6 Bc6 13. Qc2 Nxd2 14. Nxd2 Bxg2 15. Kxg2 cxd4 16. Bxd4 Qc7 17. Rfd1 Rac8 18. Qe4 Nc5 19. Bxc5 dxc5 20. Qb7 Bf6 21. Ra2 Rfd8 22. Rc1 Be7 23. Rcc2 Rd7 24. Qxc7 Rcxc7 25. Nf3 f6 26. Ra5 Rc6 27. Rd2 Rxd2 28. Nxd2 Bd8 29. Ra2 f5 30. Kf1 Bf6 31. e3 g5 32. Nf3 g4 33. Ne1 Rd6 34. Ke2 Be7 35. Nd3 Rc6 36. f3 gxf3+ 37. Kxf3 Kg7 38. e4 Kf6 39. exf5 Kxf5 40. g4+ Kg5 41. h4+ Kh6 42. g5+ Kh5 43. Nf4+ Kxh4 44. Rg2 1-0


[Site "https://www.chess.com"]

[Event "Titled Tuesday Blitz June 1 2021"]
[White "Dobre, Claudiu-Cristian"]
[Black "Nazaretyan, Tigran"]
[WhiteFideId "1211854"]
[BlackFideId "24162345"]
[WhiteElo "2230"]
[BlackElo "2247"]
[Result "0-1"]
[Round "03"]
[TimeControl "180+1"]
[Date "2021.06.01"]
[WhiteClock "0:00:31"]
[BlackClock "0:00:14"]

1. e4 c5 2. Nf3 d6 3. Bb5+ Bd7 4. Bxd7+ Qxd7 5. c4 Nc6 6. Nc3 Nd4 7. d3 e6 8. Nxd4 cxd4 9. Ne2 e5 10. f4 Ne7 11. f5 Nc6 12. Bd2 a5 13. a4 Be7 14. O-O Qd8 15. Qc1 h6 16. Ng3 Bg5 17. Nh5 Rh7 18. f6 Bxd2 19. Nxg7+ Kd7 20. Qxd2 Kc7 21. Qf2 Qd7 22. Qf5 Rhh8 23. Qxd7+ Kxd7 24. Kf2 Ra6 25. Rab1 Rb6 26. b3 Nb4 27. Ke2 Na6 28. Rf3 Nc5 29. Rh3 Rxb3 30. Rxb3 Nxb3 31. g4 Nc5 32. Rh5 Nxa4 33. g5 Nc3+ 34. Kd2 a4 35. Kc2 a3 36. Rxh6 a2 37. Kb2 Ra8 38. Ka1 Ra3 0-1


[Site "https://www.chess.com"]

[Event "Titled Tuesday Blitz June 1 2021"]
[White "Dobrov, Vladimir"]
[Black "Sukandar, Irine Kharisma"]
[WhiteFideId "4136594"]
[BlackFideId "7101937"]
[WhiteElo "2614"]
[BlackElo "2313"]
[Result "1-0"]
[Round "03"]
[TimeControl "180+1"]
[Date "2021.06.01"]
[WhiteClock "0:01:15"]
[BlackClock "0:00:11"]

1. d4 Nf6 2. c4 b6 3. Nf3 Bb7 4. Nc3 g6 5. Qc2 Bg7 6. e4 d6 7. Be2 O-O 8. O-O Nbd7 9. Rd1 e6 10. e5 Ne8 11. Bg5 Qc8 12. Be7 dxe5 13. Bxf8 Kxf8 14. d5 exd5 15. Nxd5 Nd6 16. Ng5 Qd8 17. Ne4 Bxd5 18. Nxd6 Be6 19. Nb5 a6 20. Nc3 f5 21. c5 Qg5 22. cxb6 cxb6 23. Rd6 Qe7 24. Rad1 Nf6 25. Rxb6 e4 26. Rxa6 Rc8 27. Qa4 Bh6 28. Ra8 1-0


[Site "https://www.chess.com"]

[Event "Titled Tuesday Blitz June 1 2021"]
[White "Donchenko, Alexander"]
[Black "Fus, Jakub"]
[WhiteFideId "24603295"]
[BlackFideId "1193023"]
[WhiteElo "2798"]
[BlackElo "2622"]
[Result "1-0"]
[Round "03"]
[TimeControl "180+1"]
[Date "2021.06.01"]
[WhiteClock "0:01:15"]
[BlackClock "0:01:07"]

1. e4 c6 2. d4 d5 3. exd5 cxd5 4. Bd3 Nc6 5. c3 Nf6 6. h3 g6 7. Nf3 Bf5 8. Be2 Bg7 9. Nbd2 O-O 10. Nf1 Ne4 11. Ne3 Bc8 12. O-O Rb8 13. a4 e5 14. dxe5 Nxe5 15. Nxe5 Bxe5 16. Qxd5 Qxd5 17. Nxd5 Be6 18. Bf4 Bxd5 19. Bxe5 Rbe8 20. Bd4 Ng3 21. fxg3 Rxe2 22. Rf2 Rxf2 23. Kxf2 a6 24. a5 Re8 25. Rd1 Bc6 26. Bf6 Re6 27. Rd8+ Re8 28. Rd2 Re6 29. Bg5 f6 30. Bf4 Kf7 31. g4 Ke7 32. g5 Re4 33. Kg3 fxg5 34. Bxg5+ Ke6 35. Bf4 Kf5 36. Bc7 g5 37. Bb6 h5 38. Kf2 Rf4+ 39. Kg1 g4 40. hxg4+ Rxg4 41. Bd8 Rh4 42. Bxh4 1-0


[Site "https://www.chess.com"]

[Event "Titled Tuesday Blitz June 1 2021"]
[White "Wagner, Dinara"]
[Black "Khusnutdinov, Rustam"]
[WhiteFideId "24157570"]
[BlackFideId "13701703"]
[WhiteElo "2260"]
[BlackElo "2571"]
[Result "0-1"]
[Round "03"]
[TimeControl "180+1"]
[Date "2021.06.01"]
[WhiteClock "0:00:04"]
[BlackClock "0:00:18"]

1. Nf3 Nf6 2. d4 g6 3. c4 c5 4. d5 d6 5. Nc3 Bg7 6. e4 O-O 7. h3 e6 8. Bd3 exd5 9. exd5 Re8+ 10. Be3 Rxe3+ 11. fxe3 Nbd7 12. O-O Qe7 13. Qd2 Nh5 14. Rae1 Ne5 15. b3 Bd7 16. Ne2 Re8 17. Nf4 Ng3 18. Rf2 Nxd3 19. Qxd3 Ne4 20. Rff1 Ng3 21. Rf2 Ne4 22. Rff1 Bf5 23. Qd1 h5 24. Qc1 Qd7 25. Nd2 Ng3 26. Rf2 Qd8 27. Rf3 h4 28. Nf1 Ne4 29. Nd2 Ng5 30. Rff1 Be5 31. Nf3 Nxf3+ 32. Rxf3 Be4 33. Rf2 Qg5 34. Qd1 Qg3 35. Qg4 g5 36. Ne2 Qxe3 37. Kf1 Bd3 38. Qh5 Re7 39. Qg4 Bd4 0-1


[Site "https://www.chess.com"]

[Event "Titled Tuesday Blitz June 1 2021"]
[White "Dowgird, Filip"]
[Black "Lazavik, Denis"]
[WhiteFideId "1121235"]
[BlackFideId "13515110"]
[WhiteElo "2641"]
[BlackElo "2839"]
[Result "0-1"]
[Round "03"]
[TimeControl "180+1"]
[Date "2021.06.01"]
[WhiteClock "0:00:27"]
[BlackClock "0:00:39"]

1. d4 Nf6 2. Bf4 e6 3. e3 d5 4. Nf3 Bd6 5. Bg3 O-O 6. Nbd2 c5 7. c3 b6 8. Ne5 Bb7 9. Bd3 Nc6 10. O-O Qc7 11. f4 Ne7 12. Qb1 Ng6 13. Ndf3 Ne4 14. Nxg6 hxg6 15. Bxe4 dxe4 16. Ng5 Be7 17. Rf2 Qc6 18. Qd1 f6 19. Nh3 Qd5 20. Rd2 Rfd8 21. Bf2 Ba6 22. Kh1 Bd3 23. a3 cxd4 24. exd4 Kf7 25. Be3 f5 26. Qe1 Rh8 27. Qg3 Bh4 28. Ng5+ Ke7 0-1


[Site "https://www.chess.com"]

[Event "Titled Tuesday Blitz June 1 2021"]
[White "Eynullayev, Atilla"]
[Black "Lysyj, Igor"]
[WhiteFideId "13413570"]
[BlackFideId "4150120"]
[WhiteElo "1997"]
[BlackElo "2660"]
[Result "0-1"]
[Round "03"]
[TimeControl "180+1"]
[Date "2021.06.01"]
[WhiteClock "0:00:17"]
[BlackClock "0:00:06"]

1. d4 d5 2. c4 e6 3. Nc3 dxc4 4. e4 c5 5. Nf3 cxd4 6. Qxd4 Qxd4 7. Nxd4 Bd7 8. Bxc4 Nc6 9. Be3 Rc8 10. Be2 a6 11. O-O Nf6 12. Nb3 Bb4 13. f3 Na5 14. Nxa5 Bxa5 15. Bd4 Bc6 16. Rac1 O-O 17. Rfd1 Rfd8 18. Be3 Rxd1+ 19. Rxd1 Bxc3 20. bxc3 Nd7 21. Kf2 Kf8 22. g4 Ke8 23. h4 e5 24. h5 Nf8 25. Bb6 Ne6 26. Be3 h6 27. Rb1 f6 28. Bd1 Rd8 29. Bb3 Ng5 30. Rd1 Rxd1 31. Bxd1 Bb5 32. Ke1 Bc4 33. Kd2 Bxa2 34. Bc5 Bc4 35. Ke3 b5 36. Bb4 Ne6 37. Bc2 Kd7 38. Bd1 Kc6 39. Bc2 Kb6 40. Be7 a5 41. Kd2 a4 42. Ke3 Kc6 43. Bb4 Nc5 44. Bd1 Ne6 45. Bc2 Kd7 46. Bd1 Ke8 47. Bc2 Kf7 48. Bd1 Nd8 49. Bc2 Nc6 50. Bc5 Na5 51. Bb4 Nc6 52. Bc5 g6 53. hxg6+ Kxg6 54. Bd1 Nd8 55. Bc2 Ne6 56. Bb4 Nf4 57. Bd1 h5 58. gxh5+ Kxh5 59. Be7 Kg6 60. Bb4 Ne6 61. Bc2 Nd8 62. f4 Nc6 63. Bc5 exf4+ 64. Kxf4 Kf7 65. Ba3 Ke6 66. Bc5 Ne5 67. Ba3 Bd3 68. Bd1 Nc4 69. Bb4 Bb1 70. Kf3 a3 71. Bb3 a2 72. Bxa2 Bxa2 73. Ke2 Bb1 74. Kf3 Ne5+ 75. Ke3 Nc6 76. Bc5 Ba2 77. Kd3 Bc4+ 78. Ke3 Ne5 79. Bd4 Nd7 80. Ba7 Kd6 81. Bd4 Ke6 82. Ba7 f5 83. exf5+ Kxf5 84. Bd4 Kg4 85. Bh8 Nc5 86. Bd4 Na4 87. Bh8 Kg3 88. Be5+ Kg2 89. Bf6 Kf1 90. Kd2 Nc5 91. Bh8 Nb3+ 92. Kc2 Ke2 93. Bg7 Nc5 94. Bh8 Nd3 95. Bg7 Ne1+ 96. Kb2 Kd3 97. Bh8 Ng2 98. Bg7 Ne3 99. Bh8 Nd1+ 100. Ka3 Nxc3 101. Kb4 Ne2 102. Ka3 Kc2 103. Kb4 Nc1 104. Bg7 Nd3+ 105. Ka3 b4+ 106. Ka4 b3 107. Ka3 Bd5 108. Bf6 Be6 109. Bg7 Bf7 110. Bf6 Bg8 111. Bg7 Nf2 112. Bf6 Nd1 113. Bg7 Nc3 0-1


[Site "https://www.chess.com"]

[Event "Titled Tuesday Blitz June 1 2021"]
[White "Farahat, Ali"]
[Black "Samunenkov, Ihor"]
[WhiteFideId "10600507"]
[BlackFideId "14187086"]
[WhiteElo "2352"]
[BlackElo "2242"]
[Result "0-1"]
[Round "03"]
[TimeControl "180+1"]
[Date "2021.06.01"]
[WhiteClock "0:00:09"]
[BlackClock "0:00:05"]

1. e4 c5 2. Nf3 Nc6 3. Bb5 g6 4. O-O Bg7 5. c3 e5 6. d4 cxd4 7. cxd4 exd4 8. Bf4 a6 9. Bc4 d6 10. Nbd2 Nge7 11. a3 O-O 12. Rc1 b5 13. Ba2 Bb7 14. Re1 Ne5 15. Qb3 N7c6 16. Bg5 Qd7 17. Rcd1 Rac8 18. h3 Na5 19. Qb4 Nac6 20. Qb3 Ba8 21. Nf1 Nc4 22. Re2 Rfe8 23. Qd3 N6e5 24. Nxe5 dxe5 25. Rc2 Nd6 26. f3 Rxc2 27. Qxc2 Rc8 28. Qb3 Nc4 29. Nd2 h6 30. Bh4 Qd6 31. Rc1 d3 32. Nxc4 d2 33. Nxd2 Rxc1+ 34. Nf1 Rc7 35. Bf2 Kh7 36. Kh2 Rd7 37. Qe3 Bf6 38. h4 h5 39. Qe2 Rc7 40. Qe1 Bb7 41. Be3 Bc8 42. Qg3 Be6 43. Qf2 Bxa2 44. f4 exf4 45. Bxf4 Be5 46. Bxe5 Qxe5+ 47. g3 Be6 48. Ne3 Qxe4 0-1


[Site "https://www.chess.com"]

[Event "Titled Tuesday Blitz June 1 2021"]
[White "Fayzullaev, Akmal"]
[Black "Kezin, Roman"]
[WhiteFideId "14200554"]
[BlackFideId "24124621"]
[WhiteElo "2264"]
[BlackElo "2574"]
[Result "0-1"]
[Round "03"]
[TimeControl "180+1"]
[Date "2021.06.01"]
[WhiteClock "0:00:20"]
[BlackClock "0:00:52"]

1. e4 c5 2. Nf3 b6 3. d4 cxd4 4. Nxd4 Bb7 5. Nc3 a6 6. a4 e6 7. g3 Nf6 8. Bg2 Bb4 9. O-O Bxc3 10. bxc3 Bxe4 11. Bxe4 Nxe4 12. Qg4 d5 13. f3 Nf6 14. Qxg7 Rg8 15. Qh6 Rg6 16. Qh4 Nbd7 17. Re1 Qc7 18. Bd2 O-O-O 19. Kh1 Rdg8 20. Rab1 h6 21. Rb4 Ne8 22. Reb1 Nd6 23. Qe7 Re8 24. Qh4 e5 25. Ne2 Nc4 26. Bc1 f5 27. Qh3 f4 28. Qf5 Rf6 29. Qd3 Qc6 30. Bd2 Nc5 31. Rxc4 dxc4 32. Qxc4 Qxf3+ 33. Kg1 fxg3 34. Nxg3 Qf2+ 35. Kh1 Qxd2 36. Ne4 Qd8 37. Nxc5 bxc5 38. Qxc5+ Qc7 39. Qd5 Qc6 0-1


[Site "https://www.chess.com"]

[Event "Titled Tuesday Blitz June 1 2021"]
[White "Fedoseev, Vladimir"]
[Black "Shapkin, Anatoliy"]
[WhiteFideId "24130737"]
[BlackFideId "34108332"]
[WhiteElo "2756"]
[BlackElo "2223"]
[Result "1-0"]
[Round "03"]
[TimeControl "180+1"]
[Date "2021.06.01"]
[WhiteClock "0:01:18"]
[BlackClock "0:01:02"]

1. e4 e5 2. Nf3 Nc6 3. Bb5 Nf6 4. d3 Bc5 5. c3 O-O 6. Bg5 d6 7. Nbd2 h6 8. Bh4 g5 9. Bg3 a6 10. Bxc6 bxc6 11. d4 exd4 12. cxd4 Ba7 13. O-O g4 14. Bh4 gxf3 15. Nxf3 Bg4 16. Qd2 Kh7 17. Qf4 Bxf3 18. Bxf6 Qxf6 19. Qxf6 Bxe4 20. Rfe1 Rae8 21. Rxe4 1-0


[Site "https://www.chess.com"]

[Event "Titled Tuesday Blitz June 1 2021"]
[White "Fier, Alexandr"]
[Black "Nakamura, Hikaru"]
[WhiteFideId "2107139"]
[BlackFideId "2016192"]
[WhiteElo "2569"]
[BlackElo "2900"]
[Result "0-1"]
[Round "03"]
[TimeControl "180+1"]
[Date "2021.06.01"]
[WhiteClock "0:00:04"]
[BlackClock "0:00:16"]

1. e4 g6 2. d4 Bg7 3. Nc3 a6 4. Be3 b5 5. Qd2 Bb7 6. f3 d6 7. O-O-O Nd7 8. h4 h5 9. Nh3 Nb6 10. a3 e6 11. Kb1 Nf6 12. Ng5 Nfd7 13. Be2 Qe7 14. g4 O-O-O 15. gxh5 Rxh5 16. f4 Rhh8 17. Qe1 Kb8 18. Qf2 f6 19. Nf3 f5 20. e5 Bh6 21. Rhg1 Rhg8 22. Ng5 Bxg5 23. Rxg5 dxe5 24. fxe5 Qf7 25. Rdg1 Nd5 26. Nxd5 Bxd5 27. Qg3 Be4 28. Bf4 Nb6 29. Rxg6 Rxg6 30. Qxg6 Qd7 31. Rd1 Qc6 32. Bd3 Rxd4 33. Be3 Rd8 34. Qg5 Rd7 35. Bxb6 Qxb6 36. h5 Qf2 37. h6 Qf3 38. Rf1 Qh3 39. Be2 Qh2 40. Qe3 Rh7 41. a4 Qxh6 42. Qd4 Qh2 43. Bd3 Bxd3 44. Qxd3 Qxe5 45. axb5 Qxb5 46. Qd8+ Kb7 47. Re1 Rd7 48. Qf6 Rd6 49. Qc3 Rc6 50. Qd4 Qc5 51. Qd2 Rb6 52. b3 a5 53. Qg2+ Qc6 54. Qg3 a4 55. Kb2 axb3 56. cxb3 Qd6 57. Qf3+ Rc6 58. Re2 Qd4+ 59. Ka2 Qd5 60. Qe3 Ra6+ 61. Kb2 Rb6 62. Rd2 Qc6 63. Qd4 Qb5 64. Rd3 Rd6 0-1


[Site "https://www.chess.com"]

[Event "Titled Tuesday Blitz June 1 2021"]
[White "Garcia Pantoja, Roberto"]
[Black "Vivas Zamora, Fabian Ernesto"]
[WhiteFideId "3509265"]
[BlackFideId "3902480"]
[WhiteElo "2541"]
[BlackElo "1966"]
[Result "1-0"]
[Round "03"]
[TimeControl "180+1"]
[Date "2021.06.01"]
[WhiteClock "0:00:41"]
[BlackClock "0:00:01"]

1. e4 e5 2. Nf3 Nc6 3. Bc4 Nf6 4. d3 Bc5 5. c3 O-O 6. Bg5 h6 7. Bh4 Be7 8. Bxf6 Bxf6 9. Nbd2 Ne7 10. Bb3 d5 11. Qe2 c6 12. O-O-O a5 13. a3 b5 14. d4 exd4 15. cxd4 dxe4 16. Nxe4 Nd5 17. Bxd5 cxd5 18. Nxf6+ Qxf6 19. Kb1 b4 20. a4 Ba6 21. Qd2 Bc4 22. Ne5 Bb3 23. Rc1 Bxa4 24. Qd3 Rfc8 25. f3 Qb6 26. Qf5 Qb7 27. Rc5 Rxc5 28. dxc5 Rc8 29. Rc1 Rc7 30. c6 Bxc6 31. Qc2 b3 32. Qc5 Qb4 33. Qxb4 axb4 34. Nxc6 1-0


[Site "https://www.chess.com"]